Map: [ESL] Site Delta

Players

Clem

  • Race: Terran Terran
  • Spawn Location: 11:00

MaxPax - Winner!

  • Race: Protoss Protoss
  • Spawn Location: 5:00

Event: ESL SC2 Masters 2024 Spring (Regional)

VOD

Have the link to the VOD?

Description

Time

  • Played on: May 5, 2024, 10:43 a.m.
  • Length: 10:59

All games in this series

Show
View Real Time Build Order
Export as new Build Order

Clem Terran 

Build Orders:  

Get SALT Encoding   

  12  0:00  SCV  
  13  0:16  Supply Depot  
  13  0:17  SCV  
  14  0:29  SCV  
  15  0:38  Barracks  
  15  0:43  Refinery  
  15  0:46  SCV  
  16  0:51  Refinery  
  16  0:58  SCV  
  17  1:10  SCV  
  18  1:25  Orbital Command, Reaper  
  19  1:33  Supply Depot  
  19  1:40  Bunker  
  19  1:52  SCV  
  20  1:57  Reaper  
  21  2:03  Factory  
  21  2:06  SCV  
  22  2:18  SCV  
  23  2:29  Reaper  
  24  2:30  SCV  
  25  2:43  SCV  
  25  2:48  Command Center  
  25  2:52  Starport  
  25  2:55  SCV  
  26  3:03  Cyclone  
  27  3:07  SCV  
  27  3:10  Supply Depot  
  28  3:18  Barracks  
  28  3:19  SCV  
  28  3:31  SCV  
  28  3:32  Medivac  
  31  3:35  Cyclone  
  33  3:41  Barracks  
  33  3:43  SCV  
  34  3:55  SCV  
  34  4:02  Starport Tech Lab  
  35  4:05  Barracks Reactor  
  35  4:07  Factory Tech Lab  
  35  4:08  SCV  
  36  4:19  Marine  
  36  4:20  SCV, Cloaking Field, Banshee  
  41  4:26  Orbital Command  
  41  4:32  SCV  
  41  4:33  Marine  
  41  4:35  Refinery  
  43  4:40  Supply Depot, Marine  
  43  4:42  Marine  
  43  4:45  Marine  
  45  4:49  SCV  
  45  4:51  Marine  
  48  4:53  SCV  
  49  5:01  SCV  
  49  5:02  Marine x2  
  49  5:03  Banshee  
  53  5:07  Marine  
  53  5:08  SCV  
  51  5:15  SCV, Engineering Bay  
  51  5:18  Factory Reactor  
  51  5:20  SCV, Supply Depot  
  53  5:22  Marine  
  53  5:27  SCV  
  53  5:28  Stimpack  
  55  5:30  Marine  
  55  5:31  Marine x2  
  58  5:38  SCV, Supply Depot  
  58  5:39  SCV  
  59  5:43  Marine  
  59  5:48  Marine  
  61  5:50  SCV  
  61  5:51  SCV  
  61  5:53  Terran Infantry Weapons Level 1  
  64  6:02  SCV  
  64  6:03  SCV  
  62  6:05  Marine  
  62  6:06  Marine  
  62  6:07  Missile Turret x2  
  64  6:11  Factory Reactor  
  64  6:12  Marauder x2  
  64  6:13  Combat Shield  
  64  6:14  SCV  
  64  6:15  Medivac  
  64  6:18  SCV, Medivac  
  74  6:25  Marine  
  71  6:26  SCV  
  71  6:28  Marine  
  71  6:30  SCV, Supply Depot  
  75  6:37  Refinery  
  75  6:39  SCV, Supply Depot, Marauder  
  78  6:44  SCV  
  78  6:51  SCV, Marine  
  78  6:52  Marine  
  78  6:53  Widow Mine x2  
  85  6:56  SCV  
  85  7:00  Medivac x2  
  85  7:01  Marauder  
  92  7:02  Marine  
  92  7:03  SCV  
  92  7:06  Supply Depot  
  91  7:09  SCV, Marine  
  91  7:12  Marine  
  94  7:19  Supply Depot  
  94  7:27  Marine  
  94  7:28  SCV, Widow Mine x2, Marauder  
  102  7:35  Marine  
  102  7:36  Medivac  
  102  7:37  Marauder  
  102  7:40  Medivac  
  100  7:45  Marine  
  100  7:46  SCV  
  100  7:49  Marine  
  100  7:50  Widow Mine x2, SCV  
  103  7:53  Marine  
  103  7:58  SCV, Marauder  
  107  8:04  Marine  
  108  8:06  Medivac  
  108  8:07  Command Center  
  108  8:11  Barracks, Marine  
  108  8:17  Barracks  
  108  8:18  Starport, Marine  
  109  8:28  Supply Depot  
  109  8:30  Supply Depot  
  109  8:33  Marine, Viking  
  110  8:34  Marauder  
  110  8:37  Marauder  
  110  8:39  Supply Depot  
  110  8:41  Viking  
  110  8:47  Marine  
  107  8:50  Ghost Academy  
  107  8:51  Marine  
  107  8:55  Supply Depot  
  106  8:56  Marauder, Viking  
  106  8:58  Marauder  
  106  9:00  Viking  
  114  9:05  Barracks Tech Lab, Barracks Reactor, Marine  
  114  9:09  Marine  
  114  9:11  Viking  
  114  9:15  Viking  
  118  9:20  Supply Depot, Ghost  
  118  9:22  Ghost  
  122  9:25  Marine  
  122  9:27  Marine  
  122  9:28  Ghost  
  126  9:33  Orbital Command  
  126  9:36  Viking  
  128  9:40  Viking  
  128  9:41  Marine  
  128  9:42  Marine  
  128  9:43  Marine  
  128  9:44  Marine  
  134  9:48  SCV x2  
  134  9:52  Ghost  
  137  10:00  SCV  
  137  10:01  Marine x3  
  137  10:02  SCV  
  137  10:03  SCV  
  137  10:07  Ghost  
  143  10:09  Supply Depot  
  143  10:10  Marauder  
  143  10:12  SCV  
  143  10:13  Supply Depot  
  148  10:14  Marine  
  149  10:22  Marauder  
  149  10:24  Marine x3  
  149  10:27  Supply Depot  
  154  10:29  Viking  
  154  10:31  Marauder  
  154  10:33  Marine  
Show
View Real Time Build Order
Export as new Build Order

MaxPax Protoss - Winner!

Build Orders: 1 Gate Expand, Phoenix Opening 

Get SALT Encoding   

  12  0:00  Probe  
  13  0:12  Probe  
  14  0:17  Pylon  
  14  0:24  Probe (Chrono Boost)  
  16  0:35  Gateway  
  16  0:36  Probe (Chrono Boost)  
  16  0:42  Probe (Chrono Boost)  
  16  0:45  Assimilator  
  17  0:51  Probe  
  18  1:03  Probe  
  19  1:15  Probe  
  20  1:22  Cybernetics Core  
  20  1:30  Nexus  
  20  1:39  Zealot (Chrono Boost)  
  22  1:43  Pylon  
  22  1:46  Probe  
  23  1:53  Assimilator  
  23  2:01  Probe  
  23  2:03  Stalker (Chrono Boost)  
  26  2:13  Probe  
  26  2:23  Stalker (Chrono Boost)  
  26  2:25  Probe  
  29  2:31  Shield Battery  
  29  2:38  Probe  
  29  2:42  Probe  
  31  2:46  Stargate  
  31  2:53  Stalker  
  31  2:54  Probe  
  34  2:59  Probe (Chrono Boost)  
  34  3:03  Warp Gate  
  35  3:08  Probe (Chrono Boost)  
  35  3:11  Probe (Chrono Boost)  
  37  3:19  Probe (Chrono Boost)  
  39  3:20  Probe (Chrono Boost)  
  39  3:24  Probe (Chrono Boost)  
  39  3:26  Probe (Chrono Boost)  
  41  3:30  Phoenix (Chrono Boost)  
  41  3:33  Probe  
  44  3:35  Pylon  
  44  3:37  Probe  
  44  3:45  Probe  
  45  3:49  Probe  
  45  3:54  Phoenix (Chrono Boost)  
  47  3:56  Assimilator  
  47  3:57  Probe  
  47  3:58  Assimilator  
  47  4:01  Probe  
  49  4:02  Robotics Facility  
  49  4:07  Pylon  
  49  4:09  Probe  
  50  4:13  Probe  
  51  4:17  Phoenix (Chrono Boost)  
  51  4:22  Probe  
  54  4:25  Probe  
  54  4:29  Pylon  
  55  4:34  Probe  
  55  4:35  Gateway  
  55  4:38  Probe  
  57  4:39  Phoenix (Chrono Boost)  
  59  4:46  Probe  
  59  4:50  Probe  
  61  4:58  Phoenix, Probe  
  64  5:03  Probe  
  64  5:10  Probe  
  65  5:14  Observer (Chrono Boost)  
  65  5:16  Robotics Bay  
  66  5:24  Phoenix  
  66  5:28  Nexus  
  68  5:31  Pylon  
  68  5:32  Shield Battery  
  68  5:39  Pylon  
  68  5:47  Immortal (Chrono Boost)  
  68  5:49  Phoenix, Probe  
  74  5:55  Probe  
  72  6:01  Probe  
  71  6:07  Probe  
  72  6:13  Probe  
  72  6:14  Phoenix  
  72  6:16  Shield Battery  
  75  6:19  Probe  
  75  6:25  Probe  
  77  6:29  Colossus (Chrono Boost)  
  77  6:31  Probe  
  78  6:37  Probe  
  78  6:39  Extended Thermal Lance  
  85  6:40  Probe  
  85  6:43  Probe  
  87  6:49  Zealot, Probe  
  87  6:52  Probe  
  91  6:55  Probe  
  91  6:59  Twilight Council, Forge  
  92  7:01  Probe  
  92  7:04  Pylon, Probe  
  92  7:07  Probe, Colossus (Chrono Boost)  
  95  7:11  Pylon  
  101  7:16  Pylon  
  101  7:22  Probe x2  
  103  7:27  Probe  
  103  7:28  Zealot x2  
  108  7:36  Probe  
  106  7:42  Probe  
  106  7:43  Phoenix  
  109  7:50  Probe  
  109  7:51  Probe, Colossus (Chrono Boost)  
  109  7:54  Probe  
  114  8:01  Stalker x2, Shield Battery  
  117  8:06  Charge (Chrono Boost), Pylon  
  117  8:19  Gateway  
  117  8:21  Gateway  
  117  8:24  Probe x3  
  117  8:26  Sentry  
  117  8:27  Zealot  
  124  8:31  Observer  
  124  8:36  Probe x2  
  124  8:37  Probe  
  124  8:40  Pylon  
  125  8:41  Pylon  
  125  8:46  Protoss Ground Weapons Level 1 (Chrono Boost)  
  125  8:52  Warp Prism (Chrono Boost)  
  125  8:56  Pylon  
  125  8:58  Gateway  
  125  9:02  Gateway  
  125  9:04  Gateway  
  125  9:07  Templar Archives  
  125  9:08  Assimilator  
  125  9:09  Pylon, Gateway  
  125  9:10  Assimilator  
  125  9:11  Pylon  
  125  9:13  Pylon  
  125  9:22  Nexus  
  125  9:26  Gateway  
  125  9:27  Zealot x3, Pylon  
  125  9:28  Observer  
  125  9:30  Pylon  
  132  9:35  Photon Cannon  
  132  9:48  High Templar  
  132  9:49  Pylon, High Templar x3  
  140  9:52  Archon  
  140  9:54  Archon  
  140  9:56  Probe x3  
  140  9:59  Pylon  
  143  10:01  Zealot x3  
  143  10:04  Pylon  
  143  10:05  Colossus (Chrono Boost)  
  143  10:06  Zealot  
  151  10:14  Probe x2  
  159  10:16  Shield Battery  
  159  10:21  Zealot x3  
  159  10:23  Probe  
  166  10:37  Zealot x6  
  177  10:49  Zealot x2  
Tags
 
Add a new tag
Caveats
  • Supply blocks, unpowered buildings, or Contaminate may cause inaccurate times.
  • Supply counts are checked every 10 seconds.